 Dungeon Crawl Stone Soup version 0.30-a0-652-gcc886f7154 (webtiles) character file.

Game seed: 16775565302179103955

93 wormed the Grasshopper (level 4, 0/30 HPs)
             Began as an Octopode Warper on Jan 18, 2023.
             Slain by Pikel
             ... wielding a +1 whip of freezing
              (8 damage)
             ... on level 4 of the Dungeon.
             The game lasted 00:04:27 (2688 turns).

wormed the Grasshopper (Octopode Warper)            Turns: 2688, Time: 00:04:28

Health: 0/30       AC:  1    Str: 10    XL:     4   Next: 62%
Magic:  5/7        EV: 13    Int: 17    God:
Gold:   131        SH:  0    Dex: 11    Spells: 2/8 levels left

rFire   . . .      SeeInvis .      - Unarmed
rCold   . . .      Faith    .    (no shield)
rNeg    . . .      Spirit   .    (helmet restricted)
rPois   .          Reflect  .    i - amulet of magic regeneration
rElec   .          Harm     .    k - ring of willpower
rCorr   .          Rampage  .    (no ring)
Will    +....                    (no ring)
Stlth   ++                       (no ring)
HPRegen 0.25/turn                (no ring)
MPRegen 0.50/turn                (no ring)
                                 (no ring)
                                 (no ring)

@: no status effects
A: almost no armour, amphibious, 8 rings, camouflage 1, gelatinous body 1,
(nimble swimmer 1), tentacles
a: no special abilities


You were on level 4 of the Dungeon.
You visited 1 branch of the dungeon, and saw 4 of its levels.

You collected 131 gold pieces.

Inventory:

Missiles
 b - 7 boomerangs of dispersal (quivered)
Jewellery
 i - an amulet of magic regeneration (around mantle)
 k - a ring of willpower (left tentacle)
Scrolls
 e - a scroll of fog
 f - a scroll of vulnerability
Potions
 c - 2 potions of berserk rage {unknown}
 d - 2 potions of mutation {unknown}
 g - a potion of curing {unknown}
 h - a potion of cancellation {unknown}
 j - 2 potions of heal wounds {unknown}
 l - a potion of attraction {unknown}
 m - a potion of flight {unknown}


   Skills:
 + Level 2.7 Fighting
 - Level 1.0 Throwing
 + Level 2.9 Dodging
 + Level 2.6 Unarmed Combat
 + Level 2.6 Spellcasting
 * Level 1.7 Summonings
 - Level 3.0 Translocations


You had 2 spell levels left.
You knew the following spells:

 Your Spells              Type           Power      Damage    Failure   Level
a - Summon Small Mammal   Summ           32%        N/A       9%          1
b - Call Canine Familiar  Summ           8%         N/A       26%         3
k - Blink                 Tloc           24%        N/A       9%          2

Your spell library contained the following spells:

 Spells                   Type           Power      Damage    Failure   Level
 Lesser Beckoning         Tloc           24%        N/A       9%          2
 Kiss of Death            Conj/Necr      8%         2d6       19%         1
 Teleport Other           Tloc           12%        N/A       16%         3
 Vhi's Electric Charge    Tloc/Air       14%        N/A       30%         3
 Summon Guardian Golem    Hex/Summ       5%         N/A       36%         3
 Manifold Assault         Tloc           12%        N/A       47%         4
 Confusing Touch          Hex            2%         N/A       50%         3
 Dispel Undead            Necr           2%         3d7       88%         4


Dungeon Overview and Level Annotations

Branches:
Dungeon (4/15)
 Temple: D:4-7

Altars:
The Shining One

Annotations:
D:4 Pikel


Innate Abilities, Weirdness & Mutations

You cannot wear most types of armour.
You are amphibious.
You can wear up to eight rings at the same time.
Your skin changes colour to match your surroundings (Stealth+).
Your rubbery body absorbs attacks. (AC +1, EV +1)
((You are camouflaged when in or above water. (Stealth+)))
You have tentacles for arms and can constrict up to eight enemies at once.


Message History

You tentacle-slap the lemure.
The lemure is almost dead.
You constrict the lemure.
You kill the lemure!
That felt strangely unrewarding.
You swap places.
Your magical contamination has completely faded away.
Magic restored.
Pikel is nearby!
There is a fountain of clear blue water here.
Your hound bites Pikel but does no damage.
Pikel misses your hound.
Your hound misses Pikel. Pikel closely misses your hound.
Your hound bites Pikel but does no damage.
Your hound bites Pikel.
Pikel hits your hound with a +1 whip of freezing.
Pikel freezes your hound.
Your hound bites Pikel.
Pikel hits your hound with a +1 whip of freezing.
Pikel freezes your hound.
Your hound bites Pikel.
Your hound barely misses Pikel.
Pikel hits your hound with a +1 whip of freezing!
Pikel freezes your hound.
Your hound dies!
Your hound's corpse disappears in a puff of smoke!
Casting: Call Canine Familiar (quite dangerous; 26% risk of failure)
Confirm with . or Enter, or press ? or * to list all spells.
The spell is quite dangerous to miscast (26% risk of failure)!
Continue anyway?
You closely miss Pikel. Your grab misses Pikel.
You squeeze Pikel, but do no damage.
Pikel is moderately wounded.
Pikel says, "You'll feel the lick of my whip!"
Pikel hits you with a +1 whip of freezing!
Pikel freezes you.
* * * LOW HITPOINT WARNING * * *
Throw: throwing net
Press: ? - help, Q - select action, (/) - cycle Shift-Dir - straight line, f - Pikel
Aim: Pikel, wielding a +1 whip of freezing and wearing a +0 robe (moderately wounded, ally target, 47% to hit)
You throw a throwing net. The throwing net closely misses Pikel.
Pikel hits you with a +1 whip of freezing!
You die...

### #<# #...#
######rK.######
##...##.b.##...##
#<.⌠@.##5##..5.<#
##).hK##.##'...##
#####.....#####
#...⌠.$.......
#.#.(.########
#.##.## #. ..#
#..### ##.


You could see Pikel (ally target) and a friendly hound (summoned).

Vanquished Creatures
  2 lemures (D:4)
  4 gnolls (D:2)
  A worm (D:2)
  A dart slug (D:2)
  An orc (D:3)
  4 endoplasms
  4 giant cockroaches
  3 goblins (D:2)
  3 hobgoblins
  4 jackals (D:1)
  3 kobolds
  A quokka (D:3)
  4 ball pythons
  2 bats
  4 frilled lizards
  5 rats
46 creatures vanquished.

Vanquished Creatures (collateral kills)
  A lemure (D:3)
  A worm (D:4)
  A bat (D:2)
3 creatures vanquished.

Vanquished Creatures (others)
  8 plants (D:2)
8 creatures vanquished.

Grand Total: 57 creatures vanquished

Notes
Turn   | Place    | Note
-------+----------+-------------------------------------------
     0 | D:1      | wormed the Octopode Warper began the quest for the Orb.
     0 | D:1      | Reached XP level 1. HP: 14/14 MP: 3/3
    72 | D:1      | Reached XP level 2. HP: 11/19 MP: 5/5
   186 | D:1      | Learned a level 2 spell: Blink
   224 | D:1      | Found a faded altar of an unknown god.
   531 | D:2      | Learned a level 1 spell: Summon Small Mammal
   851 | D:2      | Reached XP level 3. HP: 25/25 MP: 4/6
   912 | D:2      | Learned a level 3 spell: Call Canine Familiar
  1002 | D:2      | Reached skill level 1 in Summonings
  1013 | D:2      | Reached XP level 4. HP: 14/30 MP: 7/7
  1636 | D:3      | Found a glowing golden altar of the Shining One.
  2331 | D:4      | Noticed a lemure
  2331 | D:4      | Noticed a lemure
  2339 | D:4      | Noticed Pikel
  2368 | D:4      | Noticed a lemure
  2371 | D:4      | Noticed a lemure
  2543 | D:3      | Killed a lemure
  2588 | D:4      | Killed a lemure
  2672 | D:4      | Killed a lemure
  2688 | D:4      | Slain by Pikel

Illustrated notes

Levels and vault maps discovered:
D:1:      giann_wishing_wells, layout_basic, basic_ecumenical_altar,
          serial_park_tiny_2, glass_columns_b
D:2:      layout_basic, nicolae_grassy_gnolls
D:3:      layout_loops_ring, tso_oasis_becter, minmay_misc_feat_hallway
D:4:      layout_loops_ring, mainiacjoe_overflow_24_doors,
          mainiacjoe_overflow_tiny_flanked, grunt_temple_overflow_open,
          minmay_temple_entry_junction, serial_undead, serial_undead_b,
          serial_undead_f, serial_undead_d, serial_undead_b, grunt_ministairs_4,
          nicolae_wooded_promenade, uniq_robin, uniq_pikel

Skill      XL: |  1  2  3 |
---------------+----------+-----
Summonings     | 1 |  1.7
Fighting       | |  2.7
Throwing       | |  1.0
Dodging        | |  2.9
Unarmed Combat | |  2.6
Spellcasting   | |  2.6
Translocations | |  3.0

Action                   |  1- 3 |  4- 6 || total
-------------------------+-------+-------++-------
Melee: Unarmed           |    61 |    58 ||   119
       Tentacles         |    20 |    16 ||    36
       Constrict         |    16 |    17 ||    33
       Punch             |     1 |     2 ||     3
Throw: Throwing net      |       |     1 ||     1
 Cast: Summon Small Mamm |    14 |     2 ||    16
       Blink             |     1 |     1 ||     2
       Call Canine Famil |       |     8 ||     8
  Use: Scroll            |     5 |     3 ||     8
 Stab: Sleeping          |     6 |     4 ||    10
Armor: Skin              |     5 |     3 ||     8
Dodge: Dodged            |    40 |    27 ||    67

Table legend: (Time is in decaauts)
 A = Elapsed time spent in this place.
 B = Non-inter-level travel time spent in this place.
 C = Inter-level travel time spent in this place.
 D = Time resting spent in this place.
 E = Time spent auto-exploring this place.
 F = Levels seen in this place.
 G = Mean time per level.
                   A        B        C        D        E       F      G
               +--------+--------+--------+--------+--------+-----+--------+
         Total |   2685 |   2479 |    206 |      0 |   1918 |   4 |  671.2 |
       Dungeon |   2685 |   2479 |    206 |      0 |   1918 |   4 |  671.2 |
               +--------+--------+--------+--------+--------+-----+--------+

Top non-repeatable levels by time:
     D:2: 1067 daAuts
     D:3: 1028 daAuts
     D:1: 510 daAuts
     D:4: 78 daAuts
